 Dungeon Crawl Stone Soup version 0.30-a0-389-g8d7d949f56 (webtiles) character file.

Game seed: 13880723194374590160

61074 p00ps00p the Severer (level 15, -4/144 HPs)
             Began as a Hill Orc Fighter on Dec 4, 2022.
             Was an Initiate of Gozag.
             Killed by divine providence
             ... invoked by an orc priest
              (12 damage)
             ... on level 2 of the Orcish Mines.
             The game lasted 00:44:24 (23074 turns).

p00ps00p the Severer (Hill Orc Fighter)            Turns: 23074, Time: 00:44:25

Health: -4/144     AC: 26    Str: 31    XL:     15   Next: 1%
Magic:  1/15       EV:  8    Int:  8    God:    Gozag
Gold:   3595       SH: 22    Dex: 10    Spells: 14/14 levels left

rFire   + + +      SeeInvis .    a - +3 war axe (drain)
rCold   + . .      Faith    .    o - +5 kite shield "Ricvesm" {-Cast rF+++ rN++}
rNeg    + + +      Spirit   .    e - +3 shadow dragon scales
rPois   +          Reflect  +    m - +0 helmet
rElec   +          Harm     .    (no cloak)
rCorr   .          Rampage  .    Q - +1 pair of gloves {infuse}
Will    +....      NoCast   +    B - -1 pair of boots of the Game of Life {rElec rPois rN++ Will-}
Stlth   ++........               k - amulet of reflection
HPRegen 0.44/turn                I - ring of willpower
MPRegen 0.14/turn                L - ring of Grace {rC+ rN+ Str+4}

@: about to teleport
A: no striking features
a: Renounce Religion, Convert to Beogh, Potion Petition, Call Merchant, Bribe
Branch


You were on level 2 of the Orcish Mines.
You worshipped Gozag.
Gozag was most pleased with you.
You visited 3 branches of the dungeon, and saw 18 of its levels.
You visited the Abyss 1 time.
You also visited: Ossuary and Bailey.

You collected 6328 gold pieces.
You spent 736 gold pieces at shops.
You paid 1997 gold pieces to Gozag.

Inventory:

Hand Weapons
 a - a +3 war axe of draining (weapon)
 J - a +2 scimitar of flaming
 N - a +0 whip of flaming
Missiles
 g - 56 poisoned darts (quivered)
Armour
 e - +3 shadow dragon scales (worn)
 m - a +0 helmet (worn)
 o - the +5 kite shield "Ricvesm" (worn) {-Cast rF+++ rN++}
   (You acquired it on level 13 of the Dungeon)

   rF:        It renders you almost immune to fire.
   rN:        It greatly protects you from negative energy.
   -Cast:     It prevents spellcasting.
 B - the -1 pair of boots of the Game of Life (worn) {rElec rPois rN++ Will-}
   (You acquired it on level 7 of the Dungeon)

   rElec:     It insulates you from electricity.
   rPois:     It protects you from poison.
   rN:        It greatly protects you from negative energy.
   Will:      It decreases your willpower.
 Q - a +1 pair of gloves of infusion (worn)
Jewellery
 k - an amulet of reflection (around neck)
 z - a ring of willpower
 I - a ring of willpower (left hand)
 L - the ring of Grace (right hand) {rC+ rN+ Str+4}
   (You bought it in a shop on level 11 of the Dungeon)

   [ring of positive energy]

   Str:       It affects your strength (+4).
   rC:        It protects you from cold.
   rN:        It protects you from negative energy.
Wands
 b - a wand of digging (3)
 r - a wand of roots (15)
 G - a wand of mindburst (9)
 K - a wand of charming (13)
 M - a wand of acid (4)
Scrolls
 c - a scroll of butterflies
 s - a scroll of poison
 t - 5 scrolls of fear
 u - 2 scrolls of summoning
 y - 5 scrolls of magic mapping
 C - a scroll of teleportation
 E - 3 scrolls of silence
 H - a scroll of amnesia
Potions
 d - 2 potions of might
 f - 6 potions of cancellation
 h - 2 potions of attraction
 i - 3 potions of mutation
 j - a potion of resistance {unknown}
 l - 7 potions of curing
 n - 2 potions of flight {unknown}
 p - a potion of invisibility {unknown}
 q - 2 potions of magic
 v - 3 potions of berserk rage
 w - 5 potions of brilliance
 A - 2 potions of heal wounds
 D - 3 potions of lignification
 F - 7 potions of haste


   Skills:
 + Level 16.0 Fighting
 + Level 17.0 Axes
 + Level 14.7 Armour
 + Level 14.6 Shields


You had 14 spell levels left.
You didn't know any spells.
Your spell library contained the following spells:

 Spells                   Type           Power      Damage    Failure   Level
 Kiss of Death            Conj/Necr      0%         2d5       94%         1
 Ensorcelled Hibernation  Hex/Ice        0%         N/A       98%         2
 Confusing Touch          Hex            0%         N/A       100%        3
 Inner Flame              Hex/Fire       0%         N/A       100%        3
 Spider Form              Tmut/Pois      0%         N/A       100%        3
 Stone Arrow              Conj/Erth      0%         3d7       100%        3
 Anguish                  Hex/Necr       0%         N/A       100%        4
 Animate Armour           Summ/Erth      0%         N/A       100%        4
 Dispel Undead            Necr           0%         3d6       100%        4
 Flame Wave               Conj/Fire      0%         2d4       100%        4
 Passage of Golubria      Tloc           0%         N/A       100%        4
 Sticky Flame             Conj/Fire      0%         2d3       100%        4
 Silence                  Hex/Air        0%         N/A       100%        5
 Lehudib's Crystal Spear  Conj/Erth      0%         10d2      100%        8


Dungeon Overview and Level Annotations

Branches:
Dungeon (15/15)            Temple (1/1) D:5            Lair (0/5) D:9
    Orc (2/2) D:11            Elf (0/3) Orc:2        Vaults (0/5) D:13
 Depths (0/4) D:15        Ossuary (visited)          Bailey (visited)

Altars:
Ashenzari
Cheibriados
Dithmenos
Elyvilon
Fedhas
Gozag
Hepliaklqana
Kikubaaqudgha
Makhleb
Nemelex Xobeh
Okawaru
Qazlal
Ru
Sif Muna
Trog
Uskayaw
Vehumet
Wu Jian
Xom
Yredelemnul
Zin
The Shining One
Beogh

Shops:
D:9 *   D:11 *=(   D:13 [


Message History

The orcs go into a battle-frenzy!
The ynoxinul gestures.
The orc knight completely misses you.
The orc high priest shouts, "Join the one true god or die!"
The orc high priest hits you from afar with a +0 trident!
The orc high priest prays.
You block the orange demon's attack.
The orc priest shouts, "Surrender to Beogh and we'll let you live!"
You closely miss the orc knight.
The orc knight is moderately wounded.
The orc high priest shouts, "Join the one true god or die!"
You hit the ufetubus. You barely miss the orc warrior.
The orc warrior is no longer distracted by gold.
The orc warrior no longer looks unusually strong.
The orc knight no longer looks unusually strong.
The orc no longer looks unusually strong.
You block the ufetubus's attack. The ufetubus closely misses you.
You block the orc high priest's attack.
The orc priest mumbles some strange prayers to Beogh against you.
Beogh smites you!
The orc knight hits you with a +0 great sword!!
* * * LOW HITPOINT WARNING * * *
You feel much better.
The orc warrior no longer looks unusually strong.
The orc high priest no longer looks unusually strong.
The orc warrior no longer looks unusually strong.
The orc high priest no longer looks unusually strong.
You block the ufetubus's attack. x2; The orange demon stings you from afar.
* * * LOW HITPOINT WARNING * * *
You block the ufetubus's attack. The ufetubus barely misses you.
The orc high priest hits you but does no damage.
The orc knight roars a battlecry!
The orcs go into a battle-frenzy!
The orc warrior hits you with a +0 flail of holy wrath!
* * * LOW HITPOINT WARNING * * *
The orc knight hits you but does no damage.
The orc priest calls down the wrath of Beogh upon you.
Beogh smites you!
You die...
Your body crumbles into a pile of gold.

#.. .o....... ..
#o4.#.... #..
.ooo....# #.3
#oo5#5..# #o4oo3o45.#
#o4#ooo#5.# ###
#o5oo4o5# ##.##
##@#.## #...###
#.....# ##...##
###.#.### ##.....
#.......## #......
#..#...#..# ##.#...
#.........## ###.....
#...#...#...# #.......
#...........###......#
....#...#....##.......


You could see 4 orc knights, 3 orc high priests, 2 orange demons, 2 ice devils,
a rust devil (summoned), a smoke demon (summoned), a ynoxinul (summoned), 9 orc
warriors, 2 orc priests, an orc (strong) and 6 ufetubi.

Vanquished Creatures
  Jorgrun (Orc:1)
  An orc warlord (Orc:2)
  A stone giant (D:15)
  Erolcha (Orc:1)
  A vault guard (D:13)
  2 ogre magi (D:15)
  A centaur warrior (D:13)
  2 boulder beetles
  3 hydras
  10 two-headed ogres
  2 tengu warriors (D:15)
  2 orc high priests (Orc:2)
  Nergalle (Orc:1)
  Sonja (Orc:1)
  A death drake (shapeshifter) (D:15)
  Lodul (D:10)
  Pikel (D:9)
  5 deep elf pyromancers
  3 necromancers (D:13)
  4 orc knights (Orc:2)
  5 cyclopes
  6 ugly things (D:14)
  3 manticores
  2 orc sorcerers (Orc:2)
  Maurice (D:8)
  3 orange demons (D:12)
  A gargoyle (D:13)
  A torpor snail (shapeshifter) (D:15)
  2 kobold demonologists (D:14)
  Psyche (D:8)
  3 komodo dragons
  Maggie (D:9)
  A tengu conjurer (D:13)
  A freezing wraith (D:15)
  2 yaktaurs
  5 trolls
  6 meliai (D:14)
  15 slime creatures
  A centaur simulacrum (D:15)
  18 yaks
  5 spriggans (Bailey)
  5 water elementals (D:15)
  A shadow (D:10)
  A wraith (D:10)
  A basilisk (D:14)
  18 humans (D:13)
  Grum (D:8)
  3 steam dragons
  A wyvern (D:9)
  4 vampire mosquitoes (D:12)
  7 wargs
  A water moccasin (D:8)
  30 orc warriors
  A sky beast (D:8)
  2 ice beasts
  3 black bears
  23 ogres
  5 wolves
  4 boggarts (D:15)
  10 centaurs
  3 elf zombies (Ossuary)
  4 kobold brigands
  A bullfrog (D:8)
  2 gnoll sergeants
  6 scorpions (D:12)
  A water moccasin zombie (D:5)
  6 wights
  4 necrophages
  3 killer bees (D:9)
  8 howler monkeys
  2 electric eels (D:15)
  A centaur zombie (D:5)
  2 hounds
  35 orc priests
  3 jellies
  4 human zombies
  23 orc wizards
  Natasha (thrice) (D:3)
  4 iguanas
  A scorpion zombie (D:5)
  3 mummies
  A howler monkey zombie (D:5)
  Robin (D:3)
  12 gnolls
  7 adders
  A white imp (D:8)
  An ufetubus (D:6)
  3 adder zombies
  3 worms
  2 dart slugs
  109 orcs
  5 ball pythons
  11 bats
  10 endoplasms
  3 giant cockroaches
  12 goblins
  9 hobgoblins
  4 jackals (D:2)
  5 quokkas
  7 frilled lizards
  A giant cockroach zombie (D:3)
  8 hobgoblin zombies (Ossuary)
  A jackal zombie (Ossuary)
  14 kobolds
  8 kobold zombies (Ossuary)
  11 orc zombies (Ossuary)
  3 quokka zombies
  5 rats
  A rat zombie (Ossuary)
625 creatures vanquished.

Vanquished Creatures (others)
  A howler monkey (D:13)
  An ufetubus (D:15)
2 creatures vanquished.

Grand Total: 627 creatures vanquished

Notes
Turn   | Place    | Note
-------+----------+-------------------------------------------
     0 | D:1      | p00ps00p the Hill Orc Fighter began the quest for the Orb.
     0 | D:1      | Reached XP level 1. HP: 19/19 MP: 1/1
   327 | D:1      | Reached XP level 2. HP: 24/27 MP: 2/2
   347 | D:1      | Reached skill level 3 in Axes
  1013 | D:2      | Reached XP level 3. HP: 33/33 MP: 3/3
  1122 | D:2      | Reached XP level 4. HP: 34/40 MP: 4/4
  1988 | D:3      | Noticed Natasha
  1993 | D:3      | Reached skill level 4 in Axes
  1995 | D:3      | Killed Natasha
  1996 | D:3      | Reached XP level 5. HP: 28/47 MP: 5/5
  2288 | D:3      | Noticed Natasha
  2304 | D:3      | Killed Natasha
  2471 | D:3      | Noticed Natasha
  2479 | D:3      | Killed Natasha
  2570 | D:3      | Identified the +3 dagger "Ymimon" {freeze, rF+ Dex+5}
  2723 | D:3      | Noticed Robin
  2737 | D:3      | Killed Robin
  2738 | D:3      | Reached skill level 5 in Fighting
  2738 | D:3      | Reached XP level 6. HP: 48/56 MP: 6/6
  2895 | D:3      | Found a basalt altar of Yredelemnul.
  3366 | D:4      | Found a burning altar of Makhleb.
  4209 | D:5      | Entered Level 5 of the Dungeon
  4247 | D:5      | Reached skill level 5 in Axes
  4279 | D:5      | Noticed a black bear
  4282 | D:5      | Reached skill level 5 in Armour
  4284 | D:5      | Reached skill level 5 in Shields
  4289 | D:5      | Killed a black bear
  4290 | D:5      | Reached XP level 7. HP: 45/62 MP: 7/7
  4475 | D:5      | Found a sand-covered staircase.
  4483 | Ossuary  | Entered an ossuary
  4645 | Ossuary  | Reached skill level 6 in Axes
  4662 | Ossuary  | Reached XP level 8. HP: 63/71 MP: 8/8
  4846 | D:5      | Found a staircase to the Ecumenical Temple.
  4855 | Temple   | Entered the Ecumenical Temple
  4864 | Temple   | Became a worshipper of Gozag Ym Sagoz the Greedy
  5185 | D:5      | Reached skill level 7 in Axes
  5228 | D:5      | Found an ancient bone altar of Kikubaaqudgha.
  5671 | D:5      | Found a shadowy altar of Dithmenos.
  5716 | D:5      | Reached XP level 9. HP: 78/79 MP: 9/9
  6180 | D:6      | Reached skill level 8 in Axes
  6180 | D:6      | Found a blossoming altar of Fedhas.
  6492 | D:6      | Found a snail-covered altar of Cheibriados.
  6623 | D:7      | Identified a scroll of acquirement
  6623 | D:7      | Acquired the -1 pair of boots of the Game of Life {rElec
                  | rPois rN++ Will-}
  7245 | D:8      | Noticed Psyche
  7263 | D:8      | Killed Psyche
  7466 | D:8      | Noticed Grum
  7479 | D:8      | Reached skill level 9 in Axes
  7484 | D:8      | Killed Grum
  7594 | D:8      | Reached XP level 10. HP: 59/91 MP: 10/10
  7861 | D:8      | Noticed Maurice
  7877 | D:8      | Killed Maurice
  8154 | D:8      | Reached skill level 10 in Axes
  8352 | D:9      | Noticed a two-headed ogre
  8358 | D:9      | Killed a two-headed ogre
  8481 | D:9      | Found an iron altar of Okawaru.
  8481 | D:9      | Found a white marble altar of Elyvilon.
  8487 | D:9      | Found a faded altar of an unknown god.
  8489 | D:9      | Found a faded altar of an unknown god.
  8491 | D:9      | Found a glowing golden altar of the Shining One.
  8563 | D:9      | Found a staircase to the Lair.
  8579 | D:9      | Reached skill level 10 in Fighting
  8777 | D:9      | Identified the +3 ring mail of Xaminaty {rPois Will+ Int+3}
  8819 | D:9      | Found Tisucicw's Fire Supplies.
  8821 | D:9      | Noticed Pikel
  8832 | D:9      | Killed Pikel
  8965 | D:9      | Reached skill level 11 in Axes
  8965 | D:9      | Reached XP level 11. HP: 73/101 MP: 11/11
  9373 | D:9      | Noticed Maggie
  9385 | D:9      | Killed Maggie
  9556 | D:9      | Found an ornate altar of the Wu Jian Council.
  9716 | D:10     | Entered Level 10 of the Dungeon
  9771 | D:10     | Found a flagged portal.
  9809 | Bailey   | Entered a bailey
  9880 | Bailey   | Noticed a two-headed ogre
  9893 | Bailey   | Killed a two-headed ogre
  9894 | Bailey   | Reached skill level 10 in Armour
  9894 | Bailey   | Reached skill level 10 in Shields
 10965 | D:10     | Noticed Lodul
 10980 | D:10     | Reached skill level 12 in Axes
 10993 | D:10     | Killed Lodul
 11610 | D:11     | Found Dun Yscha's Gadget Gallery.
 11716 | D:11     | Found a staircase to the Orcish Mines.
 12619 | D:12     | Reached XP level 12. HP: 112/112 MP: 12/12
 12846 | Orc:1    | Entered Level 1 of the Orcish Mines
 12846 | Orc:1    | Noticed Nergalle
 12846 | Orc:1    | Noticed Sonja
 12862 | D:11     | Bought the ring of Grace {rC+ rN+ Str+4} for 466 gold
                  | pieces
 13096 | Abyss:1  | Cast into level 1 of the Abyss (Sonja)
 13157 | Abyss:1  | Noticed a white very ugly thing
 13162 | Abyss:1  | Noticed a white very ugly thing
 13162 | Abyss:1  | Noticed a white very ugly thing
 13163 | Abyss:1  | Noticed a white very ugly thing
 13177 | Orc:1    | Escaped the Abyss
 13226 | D:12     | Noticed a boulder beetle
 13230 | D:12     | Noticed a two-headed ogre
 13231 | D:12     | Reached skill level 13 in Axes
 13247 | D:12     | Killed a two-headed ogre
 13308 | D:12     | Killed a boulder beetle
 13766 | D:12     | Noticed a two-headed ogre
 13834 | D:12     | Killed a two-headed ogre
 13912 | D:13     | Noticed a seven-headed hydra
 14724 | D:13     | Noticed a centaur warrior
 14738 | D:13     | Killed a centaur warrior
 14754 | D:13     | Bought a pair of embroidered gloves for 270 gold pieces
 14768 | D:13     | Acquired the +5 kite shield "Ricvesm" {-Cast rF+++ rN++}
 14833 | D:13     | Killed a one-headed hydra
 14909 | D:13     | Reached skill level 14 in Axes
 15095 | D:13     | Reached XP level 13. HP: 122/122 MP: 0/13
 15412 | D:13     | Noticed a vault guard
 15425 | D:13     | Killed a vault guard
 16163 | D:13     | Found a gate to the Vaults.
 16483 | D:14     | Reached skill level 15 in Axes
 18308 | D:15     | Entered Level 15 of the Dungeon
 18355 | D:15     | Reached XP level 14. HP: 117/133 MP: 0/14
 19037 | D:15     | Reached skill level 15 in Fighting
 19084 | D:15     | Reached skill level 16 in Axes
 19457 | D:15     | Found a staircase to the Depths.
 19457 | D:15     | Noticed a stone giant
 19464 | D:15     | Killed a stone giant
 19655 | D:15     | Paralysed by something for 5 turns
 20222 | Orc:1    | Killed Nergalle
 20232 | Orc:1    | Killed Sonja
 20361 | Orc:1    | Noticed Erolcha
 20370 | Orc:1    | Killed Erolcha
 20877 | Orc:1    | Noticed Jorgrun
 20896 | Orc:1    | Killed Jorgrun
 21112 | Orc:1    | Found a roughly hewn altar of Beogh.
 21259 | Orc:2    | Entered Level 2 of the Orcish Mines
 21464 | Orc:2    | Found a staircase to the Elven Halls.
 22009 | Orc:2    | Noticed an orc warlord
 22039 | Orc:2    | Killed an orc warlord
 22985 | Orc:2    | Found a roughly hewn altar of Beogh.
 23057 | Orc:2    | Reached XP level 15. HP: 115/143 MP: 4/15
 23064 | Orc:2    | Reached skill level 17 in Axes
 23074 | Orc:2    | Killed from afar by an orc priest

Illustrated notes

Levels and vault maps discovered:
D:1:      grunt_arrival_lava_bath, layout_loops_ring, serial_forest,
          infiniplex_forest_clump_large, infiniplex_forest_clump_small,
          infiniplex_forest_lined_room_3, infiniplex_forest_corner_2,
          infiniplex_forest_lined_3, infiniplex_forest_lined_2,
          infiniplex_forest_straight_2, infiniplex_forest_zigzag_1,
          infiniplex_forest_straight_3, infiniplex_forest_lined_1,
          chequers_serial_rivers_marsh, minmay_hexomino_u4
D:2:      minmay_diamond_boxcup, layout_loops_corners, chequers_garden
D:3:      layout_loops_ring, lemuel_zombie_altar_yredelemnul, uniq_natasha,
          uniq_robin
D:4:      layout_loops_ring, mainiacjoe_overflow_catwalk, kennysheep_nondescript
D:5:      layout_loops_ring, lemuel_mausoleum_altar_kikubaaqudgha,
          general_overflow_altar, minmay_temple_entry_wispy, enter_ossuary_4
D:6:      layout_rooms, lemuel_round_altar, amcnicky_altar_gilded,
          kennysheep_donut
D:7:      layout_basic
D:8:      layout_loops_cross, uniq_psyche, uniq_maurice, uniq_grum
D:9:      layout_basic, nicolae_wu_jian_glorious_leap,
          chequers_temple_overflow_minitemple, erik_lair_orcish_takeover,
          nicolae_shop_fire_sale [nicolae_sub_dead_trees], uniq_maggie,
          uniq_pikel
D:10:     layout_basic, enter_bailey_5, uniq_lodul
D:11:     layout_grid_maze, hiddenorc2_lemuel, nicolae_shop_gadgets
D:12:     layout_basic, einodemon_barbed_minivault
D:13:     layout_irregular_city, grunt_vaults_entry_tiered
D:14:     layout_irregular_city, hangedman_abyss_or_decor_clamps,
          lightli_corner_chamber
D:15:     grunt_enter_depths_snipers, layout_basic, minmay_door_square,
          serial_ice, serial_ice_n, serial_ice_j, serial_ice_m, serial_ice_d,
          hangedman_abyss_or_decor_lesser_grid
Temple:   chequers_temple_sunken
Orc:1:    layout_caves, basic_altar, uniq_nergalle, uniq_erolcha, uniq_jorgrun,
          uniq_sonja
Orc:2:    st_orc_pillars, layout_caves, kennysheep_orc_chapel

Skill      XL: |  1  2  3  4  5  6  7  8  9 10 11 12 13 14 15 |
---------------+----------------------------------------------+-----
Axes           | 3 4 5 6 7 9 11 12 14 15 16 17 | 17.0
Fighting       | 4 5 6 7 9 10 11 13 14 15 16 | 16.0
Armour         | 4 5 6 8 9 10 12 13 14 | 14.7
Shields        | 4 5 6 8 9 10 12 13 14 | 14.6

Action                   |  1- 3 |  4- 6 |  7- 9 | 10-12 | 13-15 || total
-------------------------+-------+-------+-------+-------+-------++-------
Melee: War axe           |    70 |   212 |   319 |   553 |   720 ||  1874
       Scimitar          |       |       |       |     8 |    18 ||    26
Invok: Call Merchant     |       |       |       |     3 |       ||     3
Evoke: Wand              |       |       |       |     9 |       ||     9
  Use: Scroll            |       |    14 |     7 |    15 |     5 ||    41
       Potion            |       |       |       |     2 |     1 ||     3
 Stab: Sleeping          |       |     4 |     3 |     2 |     3 ||    12
       Distracted        |       |       |       |     2 |     2 ||     4
Armor: Scale mail        |    43 |    36 |       |       |       ||    79
       Shadow dragon sca |       |   129 |   183 |   291 |   258 ||   861
Dodge: Dodged            |    56 |    96 |    89 |   171 |   129 ||   541
Block: Buckler           |    21 |    69 |   112 |   349 |       ||   551
       Reflection        |       |       |     2 |    15 |    37 ||    54
       Kite shield       |       |       |       |    78 |   697 ||   775

Table legend: (Time is in decaauts)
 A = Elapsed time spent in this place.
 B = Non-inter-level travel time spent in this place.
 C = Inter-level travel time spent in this place.
 D = Time resting spent in this place.
 E = Time spent auto-exploring this place.
 F = Levels seen in this place.
 G = Mean time per level.
                   A        B        C        D        E       F      G
               +--------+--------+--------+--------+--------+-----+--------+
         Total |  23210 |  22179 |   1031 |   3018 |  13459 |  21 | 1105.2 |
       Dungeon |  19191 |  18197 |    994 |   2541 |  11235 |  15 | 1279.4 |
        Temple |    252 |    230 |     22 |      0 |    214 |   1 |  252.0 |
  Orcish Mines |   2863 |   2849 |     14 |    343 |   1885 |   2 | 1431.5 |
         Abyss |     80 |     80 |      0 |      0 |      0 |   1 |   80.0 |
       Ossuary |    331 |    331 |      0 |      0 |     47 |   1 |  331.0 |
        Bailey |    490 |    490 |      0 |    134 |     77 |   1 |  490.0 |
               +--------+--------+--------+--------+--------+-----+--------+

Top non-repeatable levels by time:
    D:14: 2064 daAuts
    D:15: 1808 daAuts
   Orc:2: 1757 daAuts
    D:13: 1716 daAuts
    D:11: 1681 daAuts
     D:9: 1492 daAuts
    D:10: 1426 daAuts
     D:5: 1366 daAuts
     D:3: 1286 daAuts
     D:2: 1234 daAuts
   Orc:1: 1106 daAuts
    D:12: 1090 daAuts
     D:8: 1055 daAuts
     D:1: 932 daAuts
     D:4: 876 daAuts
